 Dungeon Crawl Stone Soup version 0.30-a0-845-g7c6808c8ce (webtiles) character file.

Game seed: 5938503803495947387

177 octoduck the Firebug (level 5, -11/28 HPs)
             Began as a Deep Elf Fire Elementalist on Mar 3, 2023.
             Mangled by a gnoll
             ... wielding a +0 whip of distortion
              (16 damage)
             ... on level 3 of the Dungeon.
             The game lasted 00:08:47 (4364 turns).

octoduck the Firebug (Deep Elf Fire Elementalist)   Turns: 4364, Time: 00:08:48

Health: -11/28     AC:  2    Str:  5    XL:     5   Next: 31%
Magic:  9/11       EV: 13    Int: 22    God:
Gold:   85         SH:  0    Dex: 15    Spells: 4/10 levels left

rFire   . . .      SeeInvis .    p - +0 dagger (venom)
rCold   . . .      Faith    .    (no shield)
rNeg    . . .      Spirit   .    a - +0 robe
rPois   .          Reflect  .    (no helmet)
rElec   .          Rampage  .    (no cloak)
rCorr   .                        (no gloves)
Will    .....                    (no boots)
Stlth   ++                       e - amulet of magic regeneration
HPRegen 0.24/turn                (no ring)
MPRegen 0.52/turn                (no ring)

@: no status effects
A: no striking features
a: no special abilities


You were on level 3 of the Dungeon.
You visited 1 branch of the dungeon, and saw 3 of its levels.
You also visited: Sewer.

You collected 85 gold pieces.

Inventory:

Hand Weapons
 p - a +0 dagger of venom (weapon)
Armour
 a - a +0 robe (worn)
 l - a +1 hat
Jewellery
 e - an amulet of magic regeneration (around neck)
 r - an amulet of faith
 s - an amulet of guardian spirit
Scrolls
 f - a scroll of blinking {unknown}
 g - a scroll of magic mapping {unknown}
Potions
 b - 2 potions of magic
 c - 2 potions of berserk rage
 d - a potion of heal wounds {unknown}
 h - 2 potions of flight
 i - 2 potions of attraction
 j - 3 potions of degeneration {unknown}
 k - 2 potions of mutation
 m - a potion of might {unknown}
 n - 3 potions of curing
 o - a potion of brilliance {unknown}
 q - a potion of lignification {unknown}
 t - a potion of invisibility {unknown}


   Skills:
 + Level 3.8 Dodging
 - Level 2.4 Stealth
 - Level 3.0 Spellcasting
 - Level 2.2 Conjurations
 + Level 2.0 Translocations
 + Level 4.5 Fire Magic
 + Level 1.9 Air Magic


You had 4 spell levels left.
You knew the following spells:

 Your Spells              Type           Power      Damage    Failure   Level
a - Foxfire               Conj/Fire      72%        2x1d7     3%          1
b - Scorch                Fire           46%        2d7       3%          2
c - Kindle Blastsparks    Fire/Tloc/Air  30%        2d12      12%         3

Your spell library contained the following spells:

 Spells                   Type           Power      Damage    Failure   Level
 Inner Flame              Hex/Fire       13%        N/A       14%         3
 Flame Wave               Conj/Fire      18%        2d7       30%         4


Dungeon Overview and Level Annotations

Branches:
Dungeon (3/15)              Sewer (visited)

Altars:


Message History

Casting: Foxfire (safe; 3% risk of failure)
Confirm with . or Enter, or press ? or * to list all spells.
Flames lash the gnoll.
You kill the gnoll!
You hear a shout!
Casting: Scorch (safe; 3% risk of failure)
Confirm with . or Enter, or press ? or * to list all spells.
Flames lash the gnoll.
The gnoll is moderately wounded.
The gnoll's fire resistance burns away.
A gnoll comes into view. It is wielding a +0 whip of distortion.
The gnoll is no longer more vulnerable to fire.
The gnoll attacks as you move away! The gnoll hits you with a +0 flail.
The gnoll attacks as you move away! The gnoll barely misses you.
Casting: Scorch (safe; 3% risk of failure)
Confirm with . or Enter, or press ? or * to list all spells.
Flames lash the gnoll.
The gnoll is almost dead.
The gnoll's fire resistance burns away.
The gnoll barely misses you. The gnoll hits you with a +0 flail!
Casting: Scorch (safe; 3% risk of failure)
Confirm with . or Enter, or press ? or * to list all spells.
You conjure some foxfire!
The gnoll is no longer more vulnerable to fire.
The gnoll closely misses you.
The foxfire hits the gnoll.
You kill the gnoll!
The foxfire hits the gnoll.
The gnoll is lightly wounded.
Your Translocations skill increases to level 2!
Casting: Foxfire (safe; 3% risk of failure)
Confirm with . or Enter, or press ? or * to list all spells.
Flames lash the gnoll.
The gnoll is heavily wounded.
The gnoll's fire resistance burns away.
The gnoll hits you with a +0 whip of distortion!
* * * LOW HITPOINT WARNING * * *
Space warps horribly around you!
Ouch! That really hurt!
You die...

######## #...g..# #.####.#
#####)####.#
####.#.g......#
##.....@...###)#
........#..###g###
####....#........#
##.#.#......#.#
#.#.######.#.# #
#.#.######.#.#
######.#######+#........#.#
#.#........##...#########g#
..(.##.# #.#.....## .#


You could see a gnoll (combustible).

Vanquished Creatures
  5 adders
  2 gnolls (D:3)
  5 river rats
  A worm (D:2)
  A dart slug (D:2)
  2 orcs
  9 ball pythons
  2 bats
  6 endoplasms
  5 giant cockroaches
  2 goblins (D:2)
  A hobgoblin (D:3)
  A quokka (D:2)
  11 frilled lizards
  4 kobolds
  18 rats
75 creatures vanquished.

Vanquished Creatures (others)
  130 foxfires
130 creatures vanquished.

Grand Total: 205 creatures vanquished

Notes
Turn   | Place    | Note
-------+----------+-------------------------------------------
     0 | D:1      | octoduck the Deep Elf Fire Elementalist began the quest for
                  | the Orb.
     0 | D:1      | Reached XP level 1. HP: 10/10 MP: 6/6
   788 | D:1      | Reached XP level 2. HP: 15/15 MP: 8/8
   791 | D:1      | Learned a level 2 spell: Scorch
  2134 | D:2      | Reached XP level 3. HP: 19/19 MP: 9/9
  2138 | D:2      | Learned a level 3 spell: Kindle Blastsparks
  2801 | D:3      | Reached skill level 4 in Fire Magic
  2866 | D:3      | Reached skill level 1 in Translocations
  2866 | D:3      | Reached XP level 4. HP: 24/24 MP: 8/10
  2941 | D:3      | Reached skill level 1 in Air Magic
  3061 | D:3      | Found a glowing drain.
  3067 | Sewer    | Entered a sewer
  3647 | Sewer    | Reached XP level 5. HP: 28/28 MP: 11/11
  4364 | D:3      | Mangled by a gnoll

Illustrated notes

Levels and vault maps discovered:
D:1:      co_arrival_square_in_a_square_in_a_square, layout_basic
D:2:      layout_basic
D:3:      layout_loops_corners, gup_sewer_entry_bubbles

Skill      XL: |  1  2  3  4  5 |
---------------+----------------+-----
Conjurations   | 2 |  2.2
Dodging        | 3 |  3.8
Fire Magic     | 4 |  4.5
Translocations | 1 2 |  2.0
Air Magic      | 1 |  1.9
Stealth        | |  2.4
Spellcasting   | |  3.0

Action                     |  1- 3 |  4- 6 || total
---------------------------+-------+-------++-------
  Melee: Dagger            |       |     1 ||     1
   Cast: Foxfire           |    46 |    30 ||    76
         Scorch            |     9 |    15 ||    24
    Use: Scroll            |     9 |     2 ||    11
 Armour: Robe              |     3 |     1 ||     4
  Dodge: Dodged            |     4 |     8 ||    12

Table legend: (Time is in decaauts)
 A = Elapsed time spent in this place.
 B = Non-inter-level travel time spent in this place.
 C = Inter-level travel time spent in this place.
 D = Time resting spent in this place.
 E = Time spent auto-exploring this place.
 F = Levels seen in this place.
 G = Mean time per level.
                   A        B        C        D        E       F      G
               +--------+--------+--------+--------+--------+-----+--------+
         Total |   4445 |   4196 |    249 |   1619 |   1585 |   4 | 1111.2 |
       Dungeon |   3501 |   3252 |    249 |   1191 |   1364 |   3 | 1167.0 |
         Sewer |    944 |    944 |      0 |    428 |    221 |   1 |  944.0 |
               +--------+--------+--------+--------+--------+-----+--------+

Top non-repeatable levels by time:
     D:1: 1572 daAuts
     D:2: 1222 daAuts
   Sewer: 944 daAuts
     D:3: 705 daAuts
